 Dungeon Crawl Stone Soup version 0.27-a0-1065-ge809cff456 (webtiles) character file.

Game seed: 8889808488053211132

29 sanka the Skirmisher (level 3, -2/31 HPs)
             Began as a Djinni Delver on Apr 23, 2021.
             Splashed by a jelly's acid (6 damage)
             ... on level 4 of the Dungeon.
             The game lasted 00:00:52 (115 turns).

sanka the Skirmisher (Djinni Delver)                 Turns: 115, Time: 00:00:52

Health: -2/31      AC:  3    Str: 11    XL:     3   Next: 16%
Gold:   11         EV: 12    Int: 12    God:
                   SH:  0    Dex: 14

rFire    + + .     SeeInvis .   g - +0 short sword (venom)
rCold    x . .     Faith    .   (no shield)
rNeg     . . .     Spirit   .   a - +0 leather armour
rPois    ∞         Reflect  .   (no helmet)
rElec    .         Harm     .   (no cloak)
rCorr    .         Rampage  .   (no gloves)
Will     .....                  (boots unavailable)
Stlth    ++........             (no amulet)
HPRegen  0.10/turn              (no ring)
MPRegen  0.00/turn              (no ring)

@: flying
A: fire resistance 2, cold vulnerability 1, float, innate caster, hp casting,
extra vitality 1
a: no special abilities


You were on level 4 of the Dungeon.
You visited 1 branch of the dungeon, and saw 2 of its levels.

You collected 11 gold pieces.


Innate Abilities, Weirdness & Mutations

You are immune to poison.
Your flesh is very heat resistant. (rF++)
You are vulnerable to cold. (rC-)
You float through the air rather than walking.
You learn spells naturally, not from books.
Your magical power is your life essence.
You have superior vitality. (+4 HP)


   Skills:
 + Level 4.2 Fighting
 - Level 2.1 Dodging
 - Level 4.1 Stealth
 - Level 2.0 Unarmed Combat


You had one spell level left.
You knew the following spells:

 Your Spells              Type           Power      Damage    Failure   Level
z - Beastly Appendage     Tmut           0%         N/A       41%         1
Your spell library was empty.

Inventory:

Hand Weapons
 g - a +0 short sword of venom (weapon)
Armour
 a - a +0 leather armour (worn)
Wands
 f - a wand of digging (3)
Scrolls
 b - a scroll of fog
 c - a scroll of magic mapping
 d - a scroll of fear
 h - a scroll of identify {unknown}
Potions
 e - a potion of haste {@q3}

Dungeon Overview and Level Annotations

Branches:
Dungeon (5/15)
 Temple: D:4-7

Altars:

....▒..▒▒.... .▒
......▒▒.... ... ......
..........▒▒ ▒.▒ ......
...........▒ ▒.▒▒▒......
...........▒▒▒.▒........
........................
...........[............
.......(.......J........
...............gR.......
........................
.....▒....▒▒............
....▒▒▒..▒▒...w.........
....▒ ▒..▒▒▒.▒..▒▒......
........▒▒ ▒.▒..▒ ▒.....
....£.. ..▒▒.. .▒▒..
...▒▒▒. ▒.. ▒.. .. .▒
...▒


You could see a jelly, a dart slug (wandering) and a hobgoblin.


Message History

Spell assigned to 'z'.
The jelly quivers.
You hit the jelly.
Your hands burn!
The jelly is moderately wounded.
The jelly hits you but does no damage.
You hit the jelly.
Your hands burn!
The jelly is heavily wounded.
The jelly hits you but does no damage.
You hit the jelly but do no damage.
Your hands burn!
* * * LOW HITPOINT WARNING * * *
The jelly is heavily wounded.
The jelly hits you.
* * * LOW HITPOINT WARNING * * *
You are splashed with acid!
* * * LOW HITPOINT WARNING * * *
A hobgoblin comes into view.
Found a robe.
Found a stone staircase leading up.
The hobgoblin hits you but does no damage.
A dart slug comes into view.
You see here a +0 robe.
There is a stone staircase leading up here.
The hobgoblin barely misses you. The jelly hits you.
* * * LOW HITPOINT WARNING * * *
You are splashed with acid.
You die...

Action                   || total
-------------------------++-------
Melee: Short sword       ||     9
       Punch             ||     1
 Stab: Sleeping          ||     1
Armor: Leather armour    ||     6
Dodge: Dodged            ||     4

Levels and vault maps discovered:
D:4:      kennysheep_goblin_castle, layout_cave_pools, kennysheep_generic_room_2
D:5:      layout_basic, gammafunk_ghost_grave, minmay_mini_ossuary

Notes
Turn   | Place    | Note
-------+----------+-------------------------------------------
     0 | D:5      | sanka the Djinni Delver began the quest for the Orb.
     0 | D:5      | Reached XP level 1. HP: 20/20 MP: 0/0
    26 | D:5      | Noticed a black bear
    28 | D:5      | Noticed an ogre
    43 | D:4      | Noticed an iguana
    82 | D:4      | Noticed a jelly
    92 | D:4      | Killed an iguana
    93 | D:4      | Reached skill level 4 in Fighting
    93 | D:4      | Reached XP level 2. HP: 20/26 MP: 0/0
    93 | D:4      | Reached XP level 3. HP: 24/31 MP: 0/0
    93 | D:4      | Learned a level 1 spell: Beastly Appendage
   115 | D:4      | Splashed by a jelly's acid

Vanquished Creatures
  An iguana (D:4)
  A dart slug (D:4)
  A kobold (D:4)
3 creatures vanquished.
